AoeStats
← xlalox corona

Golden Pit

503344976Analyzed
1v1 RM · 1mo ago on Aug 31, 2026· 21m 24s· 2 players
Game mode
Random Map
Map size
Tiny (2 player)
Population
200
Speed
Normal
Resources
Standard
Victory
Conquest
Starting age
Dark Age
Ending age
Imperial Age
RankedLock teamsTeams togetherTeam positionsShared explorationLock speedFull tech treeHidden civsTurbo modeCheats
Victory
Defeat
🇲🇽 Poles · Mexico
1692
+22
🇨🇭 Georgians · Switzerland
1838
-22
GdR_Nataniele05
6:24 Loom
9:38 Feudal Age
10:11 Double-Bit Axe
20:30 Fletching
xlalox corona
3:06 Loom
9:37 Feudal Age
15:43 Double-Bit Axe
19:41 Fletching
Connection lost

Rejoining the realm…

Still unreachable

The connection could not be restored.

Session expired

The server has moved on; the page needs a fresh start.